 Dungeon Crawl Stone Soup version 0.22-a0-429-g97ce8ef (webtiles) character file.

118 Gorglomux the Skirmisher (level 4, 0/26 HPs)
             Began as a Spriggan Berserker on May 25, 2018.
             Slain by a polar bear (24 damage)
             ... created by the rage of Trog
             ... on level 2 of the Dungeon.
             The game lasted 00:03:27 (2957 turns).

Gorglomux the Skirmisher (Spriggan Berserker)       Turns: 2957, Time: 00:03:27

Health: 0/26       AC:  2    Str: 14      XL:     4   Next: 72%
Magic:  5/5        EV: 19    Int:  5 (8)  God:
Gold:   178        SH:  0    Dex: 15      Spells: 3/3 levels left

rFire    . . .     SeeInvis +   u - +0 dagger (venom)
rCold    . . .     Gourm    .   (shield restricted)
rNeg     . . .     Faith    .   b - +0 animal skin
rPois    .         Spirit   .   (helmet restricted)
rElec    .         Reflect  .   (no cloak)
rCorr    .         Harm     .   (gloves unavailable)
MR       .....                  (boots unavailable)
Stlth    +.........             (no amulet)
HPRegen  0.08/turn              (no ring)
MPRegen  0.09/turn              (no ring)

@: confused, very quick
A: very small, unfitting armour, see invisible, herbivore, speed 3, slow
metabolism 2
a: no special abilities


You were on level 2 of the Dungeon.
You were not hungry.

You visited 1 branch of the dungeon, and saw 3 of its levels.

You collected 178 gold pieces.

Inventory:

Hand Weapons
 u - a +0 dagger of venom (weapon)
Missiles
 i - 142 stones (quivered)
Armour
 b - a +0 animal skin (worn)
Wands
 v - a wand of flame (29)
Scrolls
 g - 2 scrolls of random uselessness {unknown}
 h - a scroll of fog {unknown}
 j - 3 scrolls of remove curse {unknown}
 k - 3 scrolls of teleportation {unknown}
 l - a scroll of amnesia {unknown}
 n - 3 scrolls of identify {unknown}
 s - a scroll of magic mapping {unknown}
 t - a scroll of immolation {unknown}
 x - a scroll of noise {unknown}
Potions
 f - a potion of berserk rage
 q - a potion of brilliance {unknown}
 r - a potion of ambrosia {unknown}
 w - a potion of heal wounds {unknown}
Comestibles
 c - 4 rations


   Skills:
 + Level 4.6 Fighting
 - Level 3.2 Short Blades
 - Level 4.4 Dodging


You had 3 spell levels left.
You didn't know any spells.
Your spell library was empty.

Dungeon Overview and Level Annotations

Branches:
Dungeon (3/15)

Altars:
Zin
The Shining One

Annotations:
D:3 Nr616's ghost, amateur NaTm


Innate Abilities, Weirdness & Mutations

You are very small and have problems with some larger weapons.
You are too small for most types of armour.
You have supernaturally acute eyesight. (SInv)
You are a herbivore.
You cover ground extremely quickly.
You need to consume almost no food.


Message History

There is a stone staircase leading up here!
You climb upwards!
There is a stone staircase leading butt here!
Unknown command!
You start resting!
Trog sends monsters to punish you! The divine experience confuses you!!!
You are confused! 4 polar bears and a black bear come into view!
You climb downwards!
The hobgoblin misses you! x2
There is a stone staircase butt up here!
Unknown command!
Unknown command!
Unknown command!
Okay, then!
You're too butt!!!
Unknown command!
You're too confused to move!!!
The bat barely butts you! The polar bear bites you!!!!!!
DANG rip

####..........# #.......
###........# #.......
####.#####..##### #.......
#...............# ####.#..
#.........#.#...##### #.###
#.........#......>..# #....
#.....(...#.........###########
##.######.#...h.....##........#
#.# #.#..b@h....##........# #.###
#.#.#..g....).........# #...#
#.#.##..######........#
######.####.#.....######..#.#.###
............#####.#.......#.[...#
.........########.#.#####.#......
.........#.....b..........#.....#
......)..#......................#
.........#..........<######.....#


You could see 2 polar bears, a hobgoblin and a bat.

Vanquished Creatures
  A worker ant (D:3)
  2 adders
  An ooze (D:1)
  2 dart slugs (D:1)
  3 giant cockroaches
  10 hobgoblins
  10 jackals (D:3)
  10 kobolds
  3 quokkas
  4 bats
  2 frilled lizards
  7 goblins
  7 rats
62 creatures vanquished.

Notes
Turn   | Place    | Note
-------+----------+-------------------------------------------
     0 | D:1      | Gorglomux the Spriggan Berserker began the quest for the Orb.
     0 | D:1      | Reached XP level 1. HP: 11/11 MP: 2/2
    10 | D:1      | Fell from the grace of Trog
    22 | D:1      | Reached XP level 2. HP: 12/16 MP: 3/3
    45 | D:1      | Reached skill level 3 in Fighting
   523 | D:1      | Reached XP level 3. HP: 18/20 MP: 4/4
  1009 | D:2      | Found a glowing silver altar of Zin.
  1876 | D:2      | Found a glowing golden altar of the Shining One.
  2205 | D:3      | Reached XP level 4. HP: 10/25 MP: 5/5
  2646 | D:3      | Noticed Nr616's ghost (amateur NaTm)
  2743 | D:3      | Noticed a black bear
  2955 | D:1      | Noticed a black bear
  2955 | D:1      | Noticed a polar bear
  2955 | D:1      | Noticed a polar bear
  2955 | D:1      | Noticed a polar bear
  2955 | D:1      | Noticed a polar bear
  2957 | D:2      | Slain by a polar bear

Vault maps used:
D:1:      sevenhm_arrival_forest_fort_small_6, solitary_fountain
D:2:      lemuel_round_altar, overflow_temple_1_default

Skill      XL: |  1  2  3 |
---------------+----------+-----
Fighting       | 3 4 |  4.6
Short Blades   | |  3.2
Dodging        | |  4.4

Action                   |  1- 3 |  4- 6 || total
-------------------------+-------+-------++-------
Melee: Short sword       |   187 |    29 ||   216
       Dagger            |       |    44 ||    44
Invok: Renounce Religion |     1 |       ||     1
  Use: Potion            |     6 |       ||     6
 Stab: Sleeping          |     2 |     1 ||     3
       Invisible         |     1 |     2 ||     3
       Distracted        |     1 |       ||     1
Armor: Animal skin       |    20 |     6 ||    26
       Skin              |    24 |    50 ||    74
Dodge: Dodged            |   179 |   140 ||   319

Table legend:
 A = Spawn XP
 B = Non-spawn XP
 C = Spawn XP percentage of total XP
 D = Spawn monster count
 E = Non-spawn monster count
 F = Spawn count percentage of total count
 G = Total turns spent on level
                    A         B        C        D         E        F      G
               +---------+---------+-------+---------+---------+-------+---------
         Total |       0 |     169 |   0.0 |       0 |      62 |   0.0 |  2957
               +---------+---------+-------+---------+---------+-------+---------
           D:1 |       0 |      42 |   0.0 |       0 |      21 |   0.0 |  1434
           D:2 |       0 |      46 |   0.0 |       0 |      20 |   0.0 |  1322
           D:3 |       0 |      81 |   0.0 |       0 |      21 |   0.0 |   201
               +---------+---------+-------+---------+---------+-------+---------
